 Dungeon Crawl Stone Soup version 0.28-a0-1510-gd0f6b136d3 (webtiles) character file.

Game seed: 17918544872694168494

695 croobank the Sneak (level 7, 0/41 HPs)
             Began as an Octopode Summoner on Jan 16, 2022.
             Slain by an ice beast (10 damage)
             ... on level 5 of the Dungeon.
             The game lasted 00:24:18 (5036 turns).

croobank the Sneak (Octopode Summoner)              Turns: 5036, Time: 00:24:28

Health: 0/41       AC:  1    Str: 13    XL:     7   Next: 64%
Magic:  1/13       EV: 14    Int: 20    God:
Gold:   125        SH:  0    Dex: 12    Spells: 1/14 levels left

rFire   . . .      SeeInvis .   a - +0 short sword
rCold   . . .      Faith    .   (no shield)
rNeg    . . .      Spirit   .   (helmet restricted)
rPois   .          Reflect  .   c - amulet of regeneration
rElec   .          Harm     .   m - ring of flight
rCorr   .          Rampage  .   n - +6 ring of strength
Will    .....                   (no ring)
Stlth   ++++......              (no ring)
HPRegen 0.93/turn               (no ring)
MPRegen 0.13/turn               (no ring)
                                (no ring)
                                (no ring)

@: attractive, flying, hasted, very quick
A: almost no armour, amphibious, 8 rings, camouflage 1, gelatinous body 1,
(nimble swimmer 1), tentacles
a: no special abilities


You were on level 5 of the Dungeon.
You visited 1 branch of the dungeon, and saw 5 of its levels.

You collected 145 gold pieces.
You spent 20 gold pieces at shops.

Inventory:

Hand Weapons
 a - a +0 short sword (weapon)
 b - a +0 hunting sling
 j - a +0 trident
 t - a +0 morningstar
Missiles
 g - 36 sling bullets
 l - 25 arrows
 q - 118 stones
 u - 5 javelins
 v - 6 poisoned darts
Jewellery
 c - an amulet of regeneration (around mantle)
 m - a ring of flight (left tentacle)
 n - a +6 ring of strength (right tentacle)
Scrolls
 i - 3 scrolls of teleportation
 k - 2 scrolls of vulnerability {unknown}
 p - 2 scrolls of fog {unknown}
 r - a scroll of holy word {unknown}
 s - a scroll of fear {unknown}
 y - a scroll of silence {unknown}
Potions
 e - 3 potions of flight
 f - 2 potions of attraction
 h - a potion of magic {unknown}
 o - 4 potions of degeneration {unknown}
 w - a potion of curing {unknown}
 x - a potion of heal wounds {unknown}


   Skills:
 + Level 4.4 Dodging
 + Level 6.4 Stealth
 + Level 4.1 Spellcasting
 + Level 5.7 Summonings


You had one spell level left.
You knew the following spells:

 Your Spells              Type           Power      Damage    Failure   Level
a - Summon Small Mammal   Summ           100%       N/A       1%          1
b - Call Imp              Summ           27%        N/A       1%          2
c - Call Canine Familiar  Summ           27%        N/A       3%          3
d - Summon Guardian Gole  Hex/Summ       15%        N/A       12%         3
e - Summon Lightning Spi  Summ/Air       15%        N/A       36%         4

Your spell library contained the following spells:

 Spells                   Type           Power      Damage    Failure   Level
 Sting                    Tmut/Pois      16%        1d3       13%         1
 Poisonous Vapours        Pois/Air       8%         N/A       19%         2
 Static Discharge         Conj/Air       4%         N/A       19%         2
 Dispel Undead            Necr           4%         3d7       77%         4
 Olgreb's Toxic Radiance  Pois           4%         N/A       77%         4
 Sticky Flame             Conj/Fire      4%         2d3       77%         4


Dungeon Overview and Level Annotations

Branches:
Dungeon (5/15)
 Temple: D:4-7

Altars:
Cheibriados
Nemelex Xobeh
Wu Jian
The Shining One

Shops:
D:1 *   D:2 =


Innate Abilities, Weirdness & Mutations

You cannot wear most types of armour.
You are amphibious.
You can wear up to eight rings at the same time.
Your skin changes colour to match your surroundings (Stealth+).
Your rubbery body absorbs attacks. (AC +1, EV +1)
((You are camouflaged when in or above water. (Stealth+)))
You have tentacles for arms and can constrict up to eight enemies at once.


Message History

Your lightning spire shoots out a bolt of lightning at the ice beast!
The bolt of electricity hits the ice beast.
The ice beast hits your lightning spire.
Your lightning spire is destroyed!
Your lightning spire disappears in a puff of smoke!
You hit the ice beast but do no damage.
The ice beast is lightly wounded.
Your crimson imp hits the ice beast but does no damage.
The ice beast hits you. The ice beast freezes you!
Your crimson imp hits the ice beast.
Your magical contamination has completely faded away.
It was a potion of haste.
You feel yourself speed up. The ice beast hits you. The ice beast freezes you!
Your crimson imp hits the ice beast.
You hit the ice beast but do no damage. Your squeeze misses the ice beast.
The ice beast is lightly wounded.
The ice beast closely misses you.
You barely miss the ice beast.
The ice beast is lightly wounded.
Your crimson imp hits the ice beast.
The ice beast hits you. The ice beast freezes you.
* * * LOW HITPOINT WARNING * * *
Found a stone staircase leading down.
Your crimson imp misses the ice beast.
You feel stronger.
n - a +6 ring of strength (right tentacle)
Casting: Call Imp (safe; 1% risk of failure)
Confirm with . or Enter, or press ? or * to list all spells.
You swap places.
The ice beast hits your quokka. The ice beast freezes your quokka!
Your quokka dies!
Your quokka's corpse disappears in a puff of smoke!
It was a potion of attraction.
You feel attractive to monsters. The ice beast is attracted toward you.
You barely miss the ice beast.
You squeeze the ice beast, but do no damage.
The ice beast is moderately wounded.
The ice beast hits you.
* * * LOW HITPOINT WARNING * * *
The ice beast freezes you!
You die...

..... #.... ...> #?.
..#+# #..
#######.#.##### #...
####.............. #...
#.....@Y5.........
#.... #.........<...###
#....###.............#
#....................#
#...l................#
#......###########.....
#......# .#### #......#
## #......#


You could see an ice beast (ally target) and a friendly crimson imp (summoned).

Vanquished Creatures
  An ice beast (D:5)
  A hound (D:5)
  An orc wizard (D:4)
  2 adders (D:2)
  2 worms (D:3)
  A dart slug (D:4)
  2 orcs
  6 ball pythons
  9 endoplasms
  5 goblins
  5 hobgoblins
  5 jackals (D:1)
  3 quokkas
  2 bats
  2 frilled lizards
  2 kobolds (D:1)
  4 rats
53 creatures vanquished.

Vanquished Creatures (collateral kills)
  Grinder (D:5)
  A necrophage (D:4)
  A hound (D:4)
  3 orc priests
  An adder (D:3)
  An adder skeleton (D:4)
  A worm (D:3)
  2 dart slugs
  7 orcs
  3 bats
  2 goblins
  2 hobgoblins
  2 jackals (D:1)
  A quokka (D:1)
  6 ball pythons
  3 frilled lizards
  2 kobolds
  3 rats
42 creatures vanquished.

Grand Total: 95 creatures vanquished

Notes
Turn   | Place    | Note
-------+----------+-------------------------------------------
     0 | D:1      | croobank the Octopode Summoner began the quest for the Orb.
     0 | D:1      | Reached XP level 1. HP: 11/11 MP: 3/3
   279 | D:1      | Reached skill level 3 in Stealth
   279 | D:1      | Reached XP level 2. HP: 14/17 MP: 1/5
   393 | D:1      | Learned a level 2 spell: Call Imp
   724 | D:1      | Found Quklujopt's General Store.
   733 | D:1      | Bought a scroll of identify for 20 gold pieces
   785 | D:1      | Reached XP level 3. HP: 21/21 MP: 2/6
  1212 | D:1      | Learned a level 3 spell: Call Canine Familiar
  1625 | D:2      | Found Fushrudipu's Jewellery Shoppe.
  1902 | D:2      | You fall into a shaft and drop 2 floors!
  2039 | D:4      | Reached XP level 4. HP: 27/27 MP: 1/7
  2097 | D:4      | Reached skill level 4 in Stealth
  2321 | D:3      | Found a snail-covered altar of Cheibriados.
  2541 | D:2      | Reached XP level 5. HP: 31/31 MP: 5/9
  2636 | D:2      | Learned a level 3 spell: Summon Guardian Golem
  3783 | D:4      | Found a glowing golden altar of the Shining One.
  3784 | D:4      | Found an ornate altar of the Wu Jian Council.
  3786 | D:4      | Found a sparkling altar of Nemelex Xobeh.
  4334 | D:4      | Noticed a necrophage
  4358 | D:4      | Killed a necrophage
  4359 | D:4      | Reached skill level 5 in Stealth
  4359 | D:4      | Reached skill level 5 in Summonings
  4359 | D:4      | Reached XP level 6. HP: 36/36 MP: 1/11
  4575 | D:5      | Entered Level 5 of the Dungeon
  4577 | D:5      | Noticed an ice beast
  4585 | D:5      | Noticed Grinder
  4594 | D:5      | Killed an ice beast
  4640 | D:5      | Killed Grinder
  4641 | D:5      | Reached skill level 6 in Stealth
  4641 | D:5      | Reached XP level 7. HP: 29/41 MP: 1/13
  5016 | D:4      | Learned a level 4 spell: Summon Lightning Spire
  5036 | D:5      | Slain by an ice beast

Illustrated notes

Levels and vault maps discovered:
D:1:      dpeg_arrival_tiny_i, layout_basic, serial_shops,
          nicolae_shop_advertising_works [nicolae_subvault_shop_adworks]
D:2:      layout_rooms, serial_co_window_serial, co_window_paths_b,
          co_window_paths_a, co_window_paths_b, co_window_of_opportunity_a,
          co_window_corner_a, co_window_cross_2, co_window_unsneaky_path_a,
          co_window_broadway_b, co_window_broadway_b, co_window_2corner,
          co_window_2corner, co_window_cross_4, glass_columns_a,
          glass_columns_a, glass_columns_a, glass_columns_a, serial_shops,
          nicolae_diamond_shop
D:3:      layout_rooms, lemuel_crystal_altar, serial_curves, eino_curves_03,
          eino_curves_02, st_stairs_4, kennysheep_generic_room_11
D:4:      minmay_general_purpose_star, layout_rooms,
          chequers_temple_overflow_statue_of_worship
D:5:      layout_basic, nicolae_overflow_hallway_of_the_gods, uniq_grinder

Skill      XL: |  1  2  3  4  5  6 |
---------------+-------------------+-----
Stealth        | 3 4 5 6 |  6.4
Dodging        | 3 4 |  4.4
Spellcasting   | 3 4 |  4.1
Summonings     | 5 |  5.7

Action                   |  1- 3 |  4- 6 |  7- 9 || total
-------------------------+-------+-------+-------++-------
Melee: Unarmed           |    34 |       |       ||    34
       Tentacles         |    12 |    14 |     1 ||    27
       Constrict         |    14 |    15 |     1 ||    30
       Short sword       |    17 |    80 |     7 ||   104
       Punch             |       |     1 |       ||     1
 Fire: Hunting sling     |     3 |       |       ||     3
 Cast: Summon Small Mamm |    16 |    29 |     6 ||    51
       Call Imp          |     7 |    11 |     5 ||    23
       Call Canine Famil |     3 |    10 |     6 ||    19
       Summon Lightning  |       |       |     1 ||     1
  Use: Scroll            |     1 |     1 |     1 ||     3
       Potion            |       |       |     2 ||     2
 Stab: Sleeping          |     3 |     7 |       ||    10
       Distracted        |     1 |     2 |       ||     3
Armor: Skin              |     7 |     4 |       ||    11
Dodge: Dodged            |    38 |    34 |     2 ||    74

Table legend: (Time is in decaauts)
 A = Elapsed time spent in this place.
 B = Non-inter-level travel time spent in this place.
 C = Inter-level travel time spent in this place.
 D = Time resting spent in this place.
 E = Time spent auto-exploring this place.
 F = Levels seen in this place.
 G = Mean time per level.
                   A        B        C        D        E       F      G
               +--------+--------+--------+--------+--------+-----+--------+
         Total |   5043 |   4901 |    142 |    405 |   3348 |   5 | 1008.6 |
       Dungeon |   5043 |   4901 |    142 |    405 |   3348 |   5 | 1008.6 |
               +--------+--------+--------+--------+--------+-----+--------+

Top non-repeatable levels by time:
     D:1: 1625 daAuts
     D:4: 1227 daAuts
     D:2: 1168 daAuts
     D:3: 622 daAuts
     D:5: 400 daAuts
